 Dungeon Crawl Stone Soup version 0.30-a0-313-gae38170b09 (webtiles) character file.

Game seed: 4192753809369443109

58 NinjaNoafa the Poker (level 3, -2/31 HPs)
             Began as a Minotaur Fighter on Oct 26, 2022.
             Killed from afar by Sigmund (18 damage)
             ... with a bolt of light
             ... on level 2 of the Dungeon.
             The game lasted 00:01:59 (1173 turns).

NinjaNoafa the Poker (Minotaur Fighter)             Turns: 1173, Time: 00:02:00

Health: -2/31      AC:  6    Str: 22    XL:     3   Next: 76%
Magic:  11/11      EV: 10    Int:  5    God:
Gold:   74         SH:  0    Dex:  9    Spells: 2/2 levels left

rFire   + . .      SeeInvis .    a - +0 trident
rCold   . . .      Faith    .    c - +0 buckler
rNeg    . . .      Spirit   .    q - +3 leather armour of Kaempom {rF+ rCorr}
rPois   .          Reflect  .    (helmet restricted)
rElec   .          Harm     .    (no cloak)
rCorr   +          Rampage  .    (no gloves)
Will    .....                    (no boots)
Stlth   ..........               (no amulet)
HPRegen 0.25/turn                m - ring of magical power
MPRegen 0.12/turn                (no ring)

@: confused
A: horns 2, retaliatory headbutt
a: no special abilities


You were on level 2 of the Dungeon.
You visited 1 branch of the dungeon, and saw 2 of its levels.

You collected 100 gold pieces.
You spent 26 gold pieces at shops.

Inventory:

Hand Weapons
 a - a +0 trident (weapon)
Missiles
 e - 16 poisoned darts (quivered)
 h - 25 stones
Armour
 b - a +0 scale mail
 c - a +0 buckler (worn)
 q - the +3 leather armour of Kaempom (worn) {rF+ rCorr}
   (You found it on level 2 of the Dungeon)

   rF:        It protects you from fire.
   rCorr:     It protects you from acid and corrosion.
Jewellery
 m - a ring of magical power (left hand)
 n - an amulet of regeneration
Scrolls
 i - a scroll of teleportation {unknown}
 j - a scroll of enchant weapon {unknown}
 r - a scroll of blinking {unknown}
 s - 2 scrolls of fear {unknown}
 t - a scroll of enchant armour {unknown}
Potions
 d - a potion of might
 f - 2 potions of haste
 k - a potion of lignification
 l - a potion of invisibility {unknown}
 o - a potion of attraction {unknown}
 p - a potion of magic {unknown}


   Skills:
 - Level 3.6 Fighting
 + Level 5.1 Polearms
 - Level 3.6 Armour
 - Level 3.6 Shields


You had 2 spell levels left.
You didn't know any spells.
Your spell library contained the following spells:

 Spells                   Type           Power      Damage    Failure   Level
 Sandblast                Erth           0%         2d4       63%         1
 Passwall                 Tmut/Erth      0%         N/A       77%         2
 Static Discharge         Conj/Air       0%         2-2/arc   77%         2
 Stone Arrow              Conj/Erth      0%         3d7       94%         3
 Vhi's Electric Charge    Tloc/Air       0%         N/A       94%         3
 Arcjolt                  Conj/Air       0%         1d10      100%        5
 Lightning Bolt           Conj/Air       0%         1d11      100%        5


Dungeon Overview and Level Annotations

Branches:
Dungeon (2/15)

Altars:

Shops:
D:2 *

Annotations:
D:2 Sigmund


Innate Abilities, Weirdness & Mutations

You have a pair of horns on your head.
You reflexively headbutt those who attack you in melee.


Message History

Deactivating autopickup; reactivate with Ctrl-A.
No target in view!
No target in view!
No target in view!
Reach: a) +0 trident
Press: ? - help, Dir - move target You reach to attack!
You hit something. Something hits you!
Reach: a) +0 trident
Press: ? - help, Dir - move target You reach to attack!
You hit something. Something hits you but does no damage.
Reach: a) +0 trident
Press: ? - help, Dir - move target You reach to attack!
You puncture something!
You hear a zap.
A bolt of light appears from out of thin air!
The bolt of light hits you!
You are confused.
Ouch! That really hurt!
* * * LOW HITPOINT WARNING * * *
You're too confused to aim your attacks!
You feel better.
You hear some strange, mumbled words.
You are confused.
Okay, then.
A puff of flame appears from out of thin air!
The puff of flame hits you. You resist.
* * * LOW HITPOINT WARNING * * *
You feel better. Something hits you.
You closely miss something. You miss something. Your headbutt misses something.
Something completely misses you.
You miss something.
You hear some strange, mumbled words.
You are confused.
You hear a zap.
A bolt of light appears from out of thin air!
The bolt of light hits you!!
Ouch! That really hurt!
You die...

.......##.###..## #.####....
##.#.#....####..### #.........
##.#.##.#..# #....### #......†..
##.#....##.# #.#...##...........
##...#####.####...#..............
##.#..# #......#...#.........<..
#..##.# ######..{....##.........
...##.## ##..##..###.........
...##..# #?.@# ..# #.........
...###.# #####.#....## #####..###
#..# #.# #..............# .......
##.# #.# #.###.###..###.##...###.
### #.###.....# ...##..........
#.......## ##...........#.
#########...# .............
..........### #.###...........
.......†).# #.....#.........


There were no monsters in sight!

Vanquished Creatures
  An adder (D:2)
  2 worms (D:2)
  7 endoplasms
  3 giant cockroaches (D:1)
  4 hobgoblins
  A quokka (D:1)
  2 ball pythons (D:1)
  4 bats
  5 frilled lizards
  5 goblins
  2 kobolds (D:1)
  5 rats
41 creatures vanquished.

Notes
Turn   | Place    | Note
-------+----------+-------------------------------------------
     0 | D:1      | NinjaNoafa the Minotaur Fighter began the quest for the
                  | Orb.
     0 | D:1      | Reached XP level 1. HP: 19/19 MP: 0/0
   100 | D:1      | Reached skill level 3 in Polearms
   154 | D:1      | Reached XP level 2. HP: 26/26 MP: 1/1
   484 | D:1      | Reached skill level 4 in Polearms
   776 | D:2      | Identified the +3 leather armour of Kaempom {rF+ rCorr}
   825 | D:2      | Reached XP level 3. HP: 26/31 MP: 2/2
   959 | D:2      | Reached skill level 5 in Polearms
   962 | D:2      | Found Sobraqoe's General Store.
   979 | D:2      | Bought a scroll of identify for 26 gold pieces
  1151 | D:2      | Noticed Sigmund
  1173 | D:2      | Killed from afar by Sigmund

Illustrated notes

Levels and vault maps discovered:
D:1:      amcnicky_arrival_double_pillar, layout_loops_ring, hex_tiny,
          minmay_tromino_v4_b
D:2:      layout_rooms, serial_shops, nicolae_shop_stone, minmay_quantized,
          uniq_sigmund

Skill      XL: |  1  2  3 |
---------------+----------+-----
Polearms       | 3 4 5 |  5.1
Fighting       | |  3.6
Armour         | |  3.6
Shields        | |  3.6

Action                   || total
-------------------------++-------
Melee: Trident           ||   104
       Headbutt          ||     5
  Use: Scroll            ||     3
       Potion            ||     2
Armor: Scale mail        ||    10
       Leather armour    ||     9
Dodge: Dodged            ||    41
Block: Buckler           ||    11

Table legend: (Time is in decaauts)
 A = Elapsed time spent in this place.
 B = Non-inter-level travel time spent in this place.
 C = Inter-level travel time spent in this place.
 D = Time resting spent in this place.
 E = Time spent auto-exploring this place.
 F = Levels seen in this place.
 G = Mean time per level.
                   A        B        C        D        E       F      G
               +--------+--------+--------+--------+--------+-----+--------+
         Total |   1186 |   1150 |     36 |      0 |    885 |   2 |  593.0 |
       Dungeon |   1186 |   1150 |     36 |      0 |    885 |   2 |  593.0 |
               +--------+--------+--------+--------+--------+-----+--------+

Top non-repeatable levels by time:
     D:1: 753 daAuts
     D:2: 433 daAuts
